 Dungeon Crawl Stone Soup version 0.18-a0-1229-ge9a1a01 (webtiles) character file.

1668 Svalin the Slicer (level 9, 0/61 HPs)
             Began as a Human Assassin on Sept 3, 2015.
             Was a Follower of Dithmenos.
             Slain by an orc
             ... wielding a +0 club
              (2 damage)
             ... on level 5 of the Dungeon on Feb 4, 2016.
             The game lasted 00:38:32 (5787 turns).

Svalin the Slicer (Human Assassin)                  Turns: 5787, Time: 00:38:32

Health: 0/61       AC:  7    Str: 12    XL:     9   Next: 20%
Magic:  9/9        EV: 10    Int: 11    God:    Dithmenos [*.....]
Gold:   193        SH:  0    Dex: 18    Spells: 1 memorised, 7 levels left

rFire  . . .     SeeInvis .     a - +3 dagger (venom)
rCold  . . .     Gourm    .     h - +0 ring mail (curse)
rNeg   . . .     Faith    .     (no shield)
rPois  .         Spirit   .     k - +0 helmet
rElec  .         Dismiss  .     d - +0 cloak
rCorr  .         Reflect  .     (no gloves)
SustAt .         Harm     .     (no boots)
MR     .....     Rnd*Tele +     (no amulet)
Stlth  ++........               (no ring)
                                y - ring of teleportation (curse)

@: wreathed by umbra, not resistant to hostile enchantments, unstealthy
A: no striking features
a: Renounce Religion


You were on level 5 of the Dungeon.
You worshipped Dithmenos.
Dithmenos was aware of your devotion.
You were not hungry.

You visited 1 branch of the dungeon, and saw 5 of its levels.
You also visited: Sewer.

You collected 193 gold pieces.

Inventory:

Hand Weapons
 a - a +3 dagger of venom (weapon)
 b - a +0 blowgun
 l - a +2 dagger of speed
 n - a +1 short sword of venom
 G - a cursed +2 dagger
Missiles
 e - 8 poisoned needles
 f - 2 curare-tipped needles
Armour
 c - a +0 robe
 d - a +0 cloak (worn)
 h - a cursed +0 ring mail (worn)
 k - a +0 helmet (worn)
 v - a +0 leather armour
 w - a +2 robe of magic resistance
 E - a +3 ring mail
Jewellery
 y - a cursed ring of teleportation (left hand)
Wands
 o - a wand of slowing (22/48)
 s - a wand of teleportation (7/9)
 F - a wand of polymorph (0/24)
Scrolls
 j - 3 scrolls of fear
 p - a scroll of immolation
 z - a scroll of identify
Potions
 i - a potion of magic
 m - a potion of lignification
 r - a potion of cure mutation
 t - a potion of brilliance {unknown}
 A - a potion of invisibility {unknown}
 B - a potion of degeneration
 D - a potion of resistance {unknown}
Books
 u - Jessica's Volume of Hexes
   (You found it on level 3 of the Dungeon)

   Spells                             Type                      Level
   a - Corona                         Hexes                        1
 C - a book of Enchantments

   Spells                             Type                      Level
   a - Cause Fear                     Hexes                        4
   b - Yara's Violent Unravelling     Hexes/Transmutation          5
   c - Silence                        Hexes/Air                    5
   d - Deflect Missiles               Charms/Air                   6
   e - Haste                          Charms                       6
   f - Discord                        Hexes                        8
Comestibles
 g - 3 bread rations
 q - a meat ration
 x - 6 chunks of flesh


   Skills:
 - Level 2.0 Fighting
 + Level 11.1 Short Blades
 - Level 2.0 Throwing
 - Level 1.0 Dodging
 - Level 4.0 Stealth


You had 7 spell levels left.
You knew the following spells:

 Your Spells              Type           Power        Failure   Level  Hunger
a - Corona                Hex            #......      80%         1    ##.....


Dungeon Overview and Level Annotations

Branches:
Dungeon (5/15)
 Temple: D:4-7

Altars:
Cheibriados
Dithmenos
Qazlal
Xom

Annotations:
D:3 Bregath's ghost, average HOFi


Message History

* * * LOW HITPOINT WARNING * * *
The orc hits you but does no damage.
The orc priest hits you but does no damage.
The orc hits you with a club.
* * * LOW HITPOINT WARNING * * *
The orc hits you with a flail.
* * * LOW HITPOINT WARNING * * *
The orc hits you but does no damage.
The orc priest invokes the aid of Beogh against you.
Pain shoots through your body!
* * * LOW HITPOINT WARNING * * *
The orc barely misses you. The orc hits you but does no damage.
The orc closely misses you.
The orc priest looks braver for a moment.
The orc hits you but does no damage. The orc closely misses you.
The orc completely misses you.
The orc priest hits you with a hand axe.
* * * LOW HITPOINT WARNING * * *
The orc hits you with a club.
You die...

........ #..............#.
..o...# .#................
..o.(####.#................
...........................
##<.o..............#.....#.
#...........##.....#.......
#.......................... .. ..
..>............o.o......###...##.
...............o@o..##......$....
.........##.........##p.......#..
.........##.......%.##.........z.
.........##....[....##...........
.........##.........##...#.......
##.......'..........'............
##.......#......#...###..........
.........#......###.###..#..###..
........##...............#..###..


You could see an orc priest and 3 orcs.

Vanquished Creatures
  Pikel (D:4)
  Edmund (D:5)
  Duvessa (D:5)
  4 slaves
  A wasp (D:3)
  An ogre (D:5)
  2 centaurs (D:5)
  A crocodile (Sewer)
  Dowan (D:5)
  A hound (D:4)
  A giant frog zombie (D:5)
  A wight (D:4)
  2 orc priests
  A jelly (D:5)
  Jessica (D:3)
  3 worker ants
  A hound skeleton (D:4)
  Robin (D:2)
  A river rat (D:5)
  11 adders
  An ooze (D:2)
  3 worms
  7 giant geckos
  13 orcs
  7 giant cockroaches
  5 hobgoblins
  2 jackals (Sewer)
  12 kobolds
  13 bats
  A giant gecko skeleton (D:4)
  5 giant newts
  18 goblins
  A jackal zombie (D:5)
  3 quokkas
  10 rats
138 creatures vanquished.

Notes
Turn   | Place    | Note
--------------------------------------------------------------
     0 | D:1      | Svalin the Human Assassin began the quest for the Orb.
     0 | D:1      | Reached XP level 1. HP: 16/16 MP: 1/1
   384 | D:1      | Reached XP level 2. HP: 19/22 MP: 2/2
   616 | D:2      | Reached XP level 3. HP: 27/27 MP: 3/3
   962 | D:2      | Reached XP level 4. HP: 29/33 MP: 4/4
   994 | D:2      | Noticed Robin
  1329 | D:2      | Killed Robin
  1480 | D:2      | Found a snail-covered altar of Cheibriados.
  1795 | D:3      | Reached XP level 5. HP: 35/38 MP: 5/5
  1954 | D:3      | Noticed a wasp
  1975 | D:3      | Reached skill level 5 in Short Blades
  2014 | D:3      | Killed a wasp
  2014 | D:3      | Reached XP level 6. HP: 35/44 MP: 6/6
  2323 | D:3      | Reached skill level 6 in Short Blades
  2366 | D:3      | Noticed Bregath's ghost (average HOFi)
  2722 | D:3      | Noticed Jessica
  2728 | D:3      | Killed Jessica
  2762 | D:3      | Identified Jessica's Volume of Hexes
  2765 | D:3      | Learned a level 1 spell: Corona
  2894 | D:3      | Found a shadowy altar of Dithmenos.
  2904 | D:3      | Became a worshipper of Dithmenos the Shadowed
  3421 | D:4      | Reached XP level 7. HP: 42/50 MP: 7/7
  3434 | D:4      | Reached skill level 7 in Short Blades
  4114 | D:4      | Found a stormy altar of Qazlal.
  4116 | D:4      | Noticed an air elemental
  4124 | D:4      | Noticed a fire elemental
  4124 | D:4      | Noticed a water elemental
  4143 | D:4      | Found a stormy altar of Qazlal.
  4243 | D:5      | Entered Level 5 of the Dungeon
  4276 | D:5      | Noticed Dowan
  4280 | D:5      | Noticed Duvessa
  4290 | D:5      | Killed Dowan
  4294 | D:5      | Killed Duvessa
  4294 | D:5      | Reached skill level 8 in Short Blades
  4363 | D:5      | Reached XP level 8. HP: 15/56 MP: 8/8
  4656 | D:5      | Noticed Edmund
  4707 | D:5      | Killed Edmund
  4792 | D:5      | Reached skill level 9 in Short Blades
  4823 | D:5      | Found a glowing drain.
  4828 | Sewer    | Entered a sewer
  5037 | D:5      | Found a shimmering altar of Xom.
  5386 | D:5      | Noticed Pikel
  5513 | D:4      | Killed Pikel
  5513 | D:4      | Reached skill level 10 in Short Blades
  5513 | D:4      | Reached XP level 9. HP: 28/61 MP: 9/9
  5584 | D:4      | Reached skill level 11 in Short Blades
  5743 | D:5      | Upgraded the game from 0.17-a0-1760-ga6756ae to 0.18-a0-1229-ge9a1a01
  5787 | D:5      | HP: 2/61 [orc priest/hand axe (4)]
  5787 | D:5      | Slain by an orc

Vault maps used:
D:1:      minmay_arrival_arboretum_small, feat_on_display
D:2:      cheibriados_altar_wand_db, uniq_robin
D:3:      grunt_dithmenos_smoke, first_bread, kennysheep_jessica_study
D:4:      lemuel_doored_altar, nicolae_qazlal_style_of_elements
D:5:      gup_sewer_entry_spiral, xom_redecorated, uniq_edmund, uniq_duvessa,
          uniq_pikel
Sewer:    sewer_the_crocodile

Action                   |  1- 3 |  4- 6 |  7- 9 || total
-------------------------+-------+-------+-------++-------
Melee: Dagger            |   130 |   200 |   278 ||   608
 Fire: Blowgun           |       |     4 |       ||     4
  Use: Scroll            |     4 |     5 |     7 ||    16
       Potion            |     1 |     1 |     1 ||     3
 Stab: Distracted        |     2 |     2 |     1 ||     5
       Sleeping          |     2 |     6 |     1 ||     9
  Eat: Chunk             |       |     8 |     8 ||    16
